 Dungeon Sprint DCSS version 0.19-a0-1185-gacb3972 (webtiles) character file.

100 pasperui the Basher (level 4, 33/48 HPs)
             Began as an Ogre Fighter on Aug 18, 2016.
             Was an Initiate of Uskayaw.
             Got out of the dungeon alive.
             The game lasted 00:01:21 (119 turns).

pasperui the Basher (Ogre Fighter)                   Turns: 119, Time: 00:01:22

Health: 33/48      AC:  3    Str: 22    XL:     4   Next: 74%
Magic:  4/4        EV:  8    Int:  7    God:    Uskayaw [......]
Gold:   0          SH:  8    Dex:  9    Spells: 0 memorised, 3 levels left

rFire  . . .     SeeInvis .     a - +0 flail
rCold  . . .     Gourm    .     b - +0 robe
rNeg   . . .     Faith    .     c - +0 shield
rPois  .         Spirit   .     (helmet restricted)
rElec  .         Dismiss  .     (no cloak)
rCorr  .         Reflect  .     (gloves unavailable)
MR     .....     Harm     .     (boots unavailable)
Stlth  +......... NoTele   +    (no amulet)
                                (no ring)
                                (no ring)

@: no status effects
A: unfitting armour, tough skin 1
a: Renounce Religion


You escaped.
You worshipped Uskayaw.
Uskayaw was noncommittal.
You were not hungry.

You visited 1 branch

Inventory:

Hand Weapons
 a - a +0 flail (weapon)
Armour
 b - a +0 robe (worn)
 c - a +0 shield (worn)
Scrolls
 k - a scroll of blinking
Potions
 d - a potion of might
 e - a potion of curing
 g - a potion of heal wounds
 h - a potion of haste
 i - 2 potions of magic
Comestibles
 f - a bread ration
 l - 11 chunks of flesh


   Skills:
 - Level 4.0 Fighting
 * Level 11.7 Maces & Flails
 - Level 2.6 Dodging
 - Level 2.6 Shields


You had 3 spell levels left.
You didn't know any spells.

Dungeon Overview and Level Annotations

Branches:
Dungeon (1/1)

Altars:
Cheibriados
Dithmenos
Elyvilon
Fedhas
Gozag
Hepliaklqana
Kikubaaqudgha
Makhleb
Nemelex Xobeh
Okawaru
Qazlal
Ru
Sif Muna
Trog
Uskayaw
Vehumet
Beogh
Jiyva
Lugonu


Innate Abilities, Weirdness & Mutations

You are too large for most types of armour.
You have tough skin. (AC +1)


Message History

There is an ancient bone altar of Kikubaaqudgha here.
There is a viscous altar of Jiyva here.
There is a hazy altar of Hepliaklqana here.
There is an opulent altar of Gozag here.
There is a blossoming altar of Fedhas here.
There is a white marble altar of Elyvilon here.
There is a shadowy altar of Dithmenos here.
There is a snail-covered altar of Cheibriados here.
There is a roughly hewn altar of Beogh here.
There is an open door to the Temple here.
There is an open door, spattered with blood here.
Items here: ) ÷÷ † a flail; a hound corpse; an adder skeleton; an orc skeleton
There is an open door to the Dungeon, spattered with blood here.
Things that are here:
a short sword; a goblin skeleton; a bat skeleton
There is a staircase leading out of the dungeon here.
You don't know any spells.
Are you sure you want to leave the Dungeon?
This will make you lose the game!
You have escaped!

▓▓▓
▓@▓
▓.▓
▓.▓
▓.▓
▓)▓
▓.▓
▓.▓
▓.▓
▓.▓


There were no monsters in sight!

Vanquished Creatures
  A crimson imp (D)
  A hound (D)
  A worker ant (D)
  An adder (D)
  An orc (D)
  A goblin (D)
  A kobold (D)
  A bat (D)
  2 rats (D)
10 creatures vanquished.

Notes
Turn   | Place    | Note
-------+----------+-------------------------------------------
     0 | D        | pasperui the Ogre Fighter began the quest for the Orb.
     0 | D        | Reached XP level 1. HP: 24/24 MP: 1/1
     4 | D        | Reached skill level 3 in Maces & Flails
     6 | D        | Reached skill level 4 in Maces & Flails
    15 | D        | Reached skill level 5 in Maces & Flails
    25 | D        | Noticed a crimson imp
    25 | D        | Noticed a hound
    25 | D        | Noticed a worker ant
    30 | D        | Reached XP level 2. HP: 20/32 MP: 2/2
    32 | D        | Reached skill level 7 in Maces & Flails
    41 | D        | Killed a crimson imp
    41 | D        | Reached skill level 9 in Maces & Flails
    41 | D        | Reached XP level 3. HP: 25/39 MP: 3/3
    42 | D        | Reached skill level 10 in Maces & Flails
    42 | D        | Reached XP level 4. HP: 30/48 MP: 4/4
    44 | D        | Reached skill level 11 in Maces & Flails
    57 | D        | Found a roughly hewn altar of Beogh.
    57 | D        | Found a snail-covered altar of Cheibriados.
    57 | D        | Found a shadowy altar of Dithmenos.
    57 | D        | Found a white marble altar of Elyvilon.
    57 | D        | Found a blossoming altar of Fedhas.
    57 | D        | Found an opulent altar of Gozag.
    58 | D        | Found a hazy altar of Hepliaklqana.
    59 | D        | Found a viscous altar of Jiyva.
    60 | D        | Found an ancient bone altar of Kikubaaqudgha.
    61 | D        | Found a corrupted altar of Lugonu.
    62 | D        | Found a burning altar of Makhleb.
    63 | D        | Found a sparkling altar of Nemelex Xobeh.
    64 | D        | Found an iron altar of Okawaru.
    65 | D        | Found a stormy altar of Qazlal.
    66 | D        | Found a sacrificial altar of Ru.
    67 | D        | Found a deep blue altar of Sif Muna.
    68 | D        | Found a bloodstained altar of Trog.
    69 | D        | Found a hide-covered altar of Uskayaw.
    70 | D        | Found a radiant altar of Vehumet.
    77 | D        | Became a worshipper of Uskayaw the Reveler
   119 | D        | Got out of the dungeon alive.

Vault maps used:
D:        linesprint

Skill      XL: |  1  2  3  4 |
---------------+-------------+-----
Maces & Flails | 5 9 10 11 | 11.7
Fighting       | |  4.0
Dodging        | |  2.6
Shields        | |  2.6

Action                   |  1- 3 |  4- 6 || total
-------------------------+-------+-------++-------
Melee: Flail             |    28 |     2 ||    30
  Use: Potion            |     1 |       ||     1
Armor: Robe              |     3 |       ||     3
Dodge: Dodged            |     6 |       ||     6
Block: Shield            |     9 |     1 ||    10
